 Dungeon Crawl Stone Soup version 0.27-a0-65-gfb268537a3 (webtiles) character file.

Game seed: 16266545686176538718

182 jusk the Scratcher (level 5, -2/24 HPs)
             Began as a Felid Chaos Knight on Jan 8, 2021.
             Was a Plaything of Xom.
             Slain by a worker ant (7 damage)
             ... on level 4 of the Dungeon on Jan 9, 2021.
             The game lasted 00:12:29 (4068 turns).

jusk the Scratcher (Felid Chaos Knight)             Turns: 4068, Time: 00:12:29

Health: -2/24      AC:  2    Str:  8    XL:     5   Next: 35%
Magic:  6/6        EV: 25    Int: 13    God:    Xom [*.....]
Gold:   259        SH:  0    Dex: 18    Spells: 4/4 levels left
                                        Lives:  0   Deaths: 1

rFire    . . .     SeeInvis +     - Unarmed
rCold    . . .     Faith    .   (shield unavailable)
rNeg     . . .     Spirit   .   (armour unavailable)
rPois    .         Reflect  .   (helmet unavailable)
rElec    .         Harm     .   (cloak unavailable)
rCorr    .         Rampage  .   (gloves unavailable)
Will     .....                  (boots unavailable)
Stlth    +++.......             (no amulet)
HPRegen  0.08/turn              f - +4 ring of evasion
MPRegen  0.10/turn              j - ring of wizardry

@: quick
A: very small, no armour, no weapons or thrown items, stealth, claws 1, fangs 3,
see invisible, speed 1, shaggy fur 2, MP-powered wands, sharp paws
a: Renounce Religion


You were on level 4 of the Dungeon.
You worshipped Xom.
You were a special plaything of Xom.
You visited 1 branch of the dungeon, and saw 4 of its levels.

You collected 259 gold pieces.

Inventory:

Jewellery
 f - a +4 ring of evasion (left paw)
 i - an uncursed ring of protection from fire
 j - a ring of wizardry (right paw)
Wands
 p - a wand of digging (6)
Scrolls
 a - 3 scrolls of noise {unknown}
 b - 3 scrolls of remove curse
 c - 6 scrolls of identify {unknown}
 e - a scroll of amnesia {unknown}
 g - 3 scrolls of teleportation {unknown}
 k - a scroll of enchant weapon {unknown}
 q - a scroll of magic mapping {unknown}
Potions
 d - a potion of heal wounds
 h - a potion of lignification {unknown}
 l - a potion of haste {unknown}
 m - a potion of magic {unknown}
 n - a potion of flight {unknown}
 o - a potion of curing {unknown}


   Skills:
 - Level 3.0 Fighting
 + Level 5.3 Dodging
 + Level 4.2 Stealth
 * Level 5.5 Unarmed Combat


You had 4 spell levels left.
You didn't know any spells.
Your spell library contained the following spells:

 Spells                   Type           Power        Failure   Level
 Animate Skeleton         Necr           0%           12%         1
 Apportation              Tloc           0%           12%         1
 Corona                   Hex            0%           12%         1
 Summon Small Mammal      Summ           0%           12%         1


Dungeon Overview and Level Annotations

Branches:
Dungeon (4/15)             Temple (0/1) D:4

Altars:


Innate Abilities, Weirdness & Mutations

You cannot wear armour.
You are incapable of wielding weapons or throwing items.
Your paws allow you to move quietly. (Stealth)
You have sharp claws.
You have razor-sharp teeth.
You have supernaturally acute eyesight. (SInv)
You cover ground quickly.
You are covered in thick fur. (AC +2)
Your sharp claws are effective at attacking unaware monsters.
You expend magic power (3 MP) to strengthen your wands.


Message History

The hound is moderately wounded.
The worker ant completely misses you. The hound completely misses you.
You scratch the hound.
The hound is heavily wounded.
The hound completely misses you. The worker ant barely misses you.
You closely miss the hound.
The hound is heavily wounded.
The hound misses you. The worker ant closely misses you. The hound bites you.
* * * LOW HITPOINT WARNING * * *
You completely miss the hound.
The hound is heavily wounded.
The worker ant completely misses you. The hound closely misses you.
You barely miss the hound. Your bite misses the hound.
The hound is heavily wounded.
The worker ant misses you. The hound completely misses you.
You claw the hound!
You kill the hound!
The gnoll returns to its original shape as it dies.
The worker ant bites you!
You die...

................).....#...P...#
.....................##..P...##
.#.........####..>...##...P..#
.#........####..).....#.....##
.##........##...#..).......##
.##......).###............##
..#.........##.............#
#........#...............###
##....#..##....B@........#
.#....#$.##......).......#
...............###......###
#..........##...###.##....#
........##....##......##
......##.......)#....## ......
#.......##.)...### <.....
........#.....#..### ......
..............#....#


You could see a worker ant.

Vanquished Creatures
  2 ogres (D:4)
  A hound (D:4)
  A bullfrog skeleton (D:4)
  4 gnolls
  3 adders
  An ooze (D:1)
  2 worms
  4 leopard geckos
  5 orcs (D:3)
  A giant cockroach (D:3)
  5 goblins
  12 hobgoblins
  11 kobolds
  4 quokkas
  6 bats
  5 frilled lizards
  7 rats
74 creatures vanquished.

Vanquished Creatures (collateral kills)
  A quokka (D:3)
1 creature vanquished.

Grand Total: 75 creatures vanquished

Notes
Turn   | Place    | Note
-------+----------+-------------------------------------------
     0 | D:1      | jusk the Felid Chaos Knight began the quest for the Orb.
     0 | D:1      | Reached XP level 1. HP: 10/10 MP: 2/2
    90 | D:1      | Reached skill level 1 in Stealth
    90 | D:1      | Reached XP level 2. HP: 7/14 MP: 3/3
   362 | D:1      | XOM: silly message
   434 | D:1      | XOM: silly message
   624 | D:1      | XOM: silly message
  1046 | D:2      | XOM: cloud trail
  1077 | D:2      | XOM is BORED!
  1077 | D:2      | XOM: 1-stop teleportation journey
  1152 | D:2      | Reached XP level 3. HP: 14/17 MP: 4/4
  1473 | D:2      | XOM: 1-stop teleportation journey
  1504 | D:2      | XOM: cloud trail
  2025 | D:2      | XOM: 2-stop teleportation journey
  2259 | D:2      | XOM is BORED!
  2259 | D:2      | XOM: draining
  2491 | D:3      | XOM: enchant monster (good)
  2608 | D:3      | Reached XP level 4. HP: 13/17 MP: 5/5
  2810 | D:3      | XOM: scenery: 2 doors open
  2876 | D:3      | XOM: 1-stop teleportation journey
  3316 | D:4      | Found a staircase to the Ecumenical Temple.
  3329 | D:4      | XOM: noise
  3331 | D:4      | XOM: fog
  3357 | D:3      | XOM: summons 4 friendly demons
  3610 | D:3      | XOM: give mutation
  3610 | D:3      | Gained mutation: You expend magic power (3 MP) to
                  | strengthen your wands. [Xom's grace]
  3627 | D:4      | Noticed an ogre
  3630 | D:4      | Reached XP level 5. HP: 12/24 MP: 6/6
  3691 | D:3      | XOM: god gift: runed short sword {god gift}
  3814 | D:4      | XOM: cast spell 'Disjunction'
  3830 | D:4      | Killed an ogre
  3831 | D:4      | Reached skill level 5 in Unarmed Combat
  3874 | D:4      | Noticed an ogre
  3887 | D:4      | Killed an ogre
  3888 | D:4      | Reached skill level 5 in Dodging
  3888 | D:4      | Gained mutation: You are covered in thick fur. (AC +2)
                  | [Felid growth]
  3888 | D:4      | Reached XP level 6. HP: 28/28 MP: 7/7
  3925 | D:4      | XOM: scenery: summon butterflies
  4002 | D:4      | HP: 1/28 [poisoned by a worker ant]
  4003 | D:4      | Succumbed to a worker ant's poison
  4004 | D:4      | Reached XP level 5. HP: 0/24 MP: 6/6
  4059 | D:4      | XOM: polymorph gnoll -> hound
  4068 | D:4      | Slain by a worker ant

Illustrated notes

Levels and vault maps discovered:
D:1:      zaba_arrival_water, layout_rooms, minmay_surrounded
D:2:      layout_basic
D:3:      layout_basic, guppyfry_early_orc_mine
D:4:      layout_cave_pools, grunt_temple_overflow_cloverleaf,
          minmay_temple_entry_offerings, serial_park, serial_park_square3
          [serial_park_minivault_5x5_4], serial_park_tiny_2, serial_park_tiny_2,
          serial_park_tiny_2, serial_park_tiny_1, portal_sewer_entry_f

Skill      XL: |  1  2  3  4  5 |
---------------+----------------+-----
Stealth        | 1 2 3 4 |  4.2
Dodging        | 4 5 |  5.3
Unarmed Combat | 4 5 |  5.5
Fighting       | |  3.0

Action                   |  1- 3 |  4- 6 || total
-------------------------+-------+-------++-------
Melee: Unarmed           |   161 |   152 ||   313
       Bite              |    12 |     9 ||    21
       Punch             |     3 |     4 ||     7
  Use: Scroll            |     1 |       ||     1
       Potion            |     1 |     1 ||     2
 Stab: Sleeping          |     4 |     3 ||     7
       Distracted        |       |     1 ||     1
Armor: Skin              |    11 |     4 ||    15
Dodge: Dodged            |   118 |   141 ||   259

Table legend: (Time is in decaauts)
 A = Elapsed time spent in this place.
 B = Non-inter-level travel time spent in this place.
 C = Inter-level travel time spent in this place.
 D = Time resting spent in this place.
 E = Time spent auto-exploring this place.
 F = Levels seen in this place.
 G = Mean time per level.
                   A        B        C        D        E       F      G
               +--------+--------+--------+--------+--------+-----+--------+
         Total |   3645 |   3605 |     40 |    750 |   2003 |   4 |  911.2 |
       Dungeon |   3645 |   3605 |     40 |    750 |   2003 |   4 |  911.2 |
               +--------+--------+--------+--------+--------+-----+--------+

Top non-repeatable levels by time:
     D:2: 1367 daAuts
     D:3: 1199 daAuts
     D:1: 810 daAuts
     D:4: 268 daAuts
